 Dungeon Crawl Stone Soup version 0.19.5 (webtiles) character file.

1390 Jerry the Chopper (level 9, -2/69 HPs)
             Began as a Formicid Fighter on Mar 21, 2017.
             Was a Follower of Kikubaaqudgha.
             Slain by a hill giant
             ... wielding a +0 giant club
              (28 damage)
             ... on level 6 of the Dungeon.
             The game lasted 00:17:01 (5543 turns).

Jerry the Chopper (Formicid Fighter)                Turns: 5543, Time: 00:17:02

Health: -2/69      AC: 10    Str: 28    XL:     9   Next: 0%
Magic:  11/11      EV: 15    Int:  8    God:    Kikubaaqudgha [*.....]
Gold:   438        SH:  0    Dex: 13    Spells: 2 memorised, 6 levels left

rFire  . . .     SeeInvis +     v - +4 hand axe (chop)
rCold  . . .     Gourm    .     b - +0 scale mail
rNeg   . . .     Faith    .     (no shield)
rPois  +         Spirit   .     (helmet unavailable)
rElec  .         Reflect  .     s - +0 cloak
rCorr  .         Harm     .     (no gloves)
MR     .....                    g - +0 pair of boots
Stlth  ..........               (no amulet)
                                w - +5 ring of evasion
                                E - ring of poison resistance

@: mighty
A: permanent stasis, dig shafts and tunnels, four strong arms, antennae 3, agile
1
a: Dig, Shaft Self, Receive Corpses, Renounce Religion


You were on level 6 of the Dungeon.
You worshipped Kikubaaqudgha.
Kikubaaqudgha was aware of your devotion.
You were not hungry.

You visited 2 branches of the dungeon, and saw 7 of its levels.

You collected 438 gold pieces.

Inventory:

Hand Weapons
 a - a +0 war axe
 u - a +2 mace of protection
 v - a +4 hand axe of chopping (weapon)
Armour
 b - a +0 scale mail (worn)
 c - a +0 shield
 g - a +0 pair of boots (worn)
 s - a +0 cloak (worn)
Jewellery
 n - an uncursed ring of wizardry
 w - a +5 ring of evasion (right hand)
 z - an uncursed ring of positive energy
 E - a ring of poison resistance (left hand)
Wands
 y - a wand of flame (20/48)
Scrolls
 t - 6 scrolls of identify
 A - a scroll of fear
 F - a scroll of amnesia
Potions
 d - a potion of might
 e - 3 potions of brilliance
 k - 2 potions of magic
 l - 4 potions of curing
 o - a potion of heal wounds
 p - a potion of flight {unknown}
 q - a potion of lignification
 B - a potion of experience {unknown}
 D - a potion of beneficial mutation
 G - a potion of mutation {unknown}
Books
 m - a book of Conjurations

   Spells                             Type                      Level
   a - Magic Dart                     Conjuration                  1
   b - Searing Ray                    Conjuration                  2
   c - Dazzling Spray                 Conjuration/Hexes            3
   d - Fulminant Prism                Conjuration/Hexes            4
   e - Iskenderun's Mystic Blast      Conjuration                  4
   f - Iskenderun's Battlesphere      Conjuration/Charms           5
 x - Kikubaaqudgha's Catalogue of Sinister Secrets
   (Kikubaaqudgha gifted it to you on level 5 of the Dungeon)

   Spells                             Type                      Level
   a - Animate Skeleton               Necromancy                   1
   b - Corpse Rot                     Necromancy                   2
   c - Sublimation of Blood           Necromancy                   2
   d - Regeneration                   Charms/Necromancy            3
   e - Control Undead                 Necromancy                   4
Comestibles
 f - 6 bread rations
 h - 3 slices of pizza
 i - 4 meat rations
 j - 2 beef jerkies
 C - a fruit


   Skills:
 + Level 6.2 Fighting
 * Level 7.2 Axes
 + Level 6.3 Armour
 - Level 4.6 Shields
 + Level 1.4 Spellcasting
 + Level 1.3 Necromancy


You had 6 spell levels left.
You knew the following spells:

 Your Spells              Type           Power        Failure   Level  Hunger
a - Animate Skeleton      Necr           N/A          47%         1    ##.....
b - Regeneration          Chrm/Necr      #.........   98%         3    ####...


Dungeon Overview and Level Annotations

Branches:
Dungeon (6/15)             Temple (1/1) D:4

Altars:
Cheibriados
Dithmenos
Elyvilon
Fedhas
Gozag
Hepliaklqana
Kikubaaqudgha
Makhleb
Nemelex Xobeh
Okawaru
Qazlal
Ru
Sif Muna
Trog
Vehumet
Xom
Yredelemnul
Zin
The Shining One

Annotations:
D:6 Schimscham's ghost, novice NaVM


Innate Abilities, Weirdness & Mutations

You are under a permanent stasis effect.
You can dig through walls and to a lower floor.
Your four strong arms can wield two-handed weapons with a shield.
You have a pair of large antennae on your head. (SInv)
You are agile. (Dex +2)


Message History

The hill giant shouts!
There is an open door here.
You hit the hill giant but do no damage.
The hill giant hits you with a giant club!!
You slash the hill giant!
The hill giant is lightly wounded.
The hill giant completely misses you.
You hit the hill giant but do no damage.
The hill giant is lightly wounded.
You hit the hill giant.
The hill giant is moderately wounded.
The hill giant hits you with a giant club!!
You are too injured to fight recklessly!
Okay, then.
Evoke which item? (* to show all) (? for menu, Esc to quit)
Okay, then.
You feel very mighty all of a sudden.
The hill giant hits you with a giant club!!
You die...
Kikubaaqudgha rasps: "You have failed me!
Welcome... death!"

#######
#.....#
#.....#
#.....####
#.......(#####
#..........)..
###@##........
#C#.........
#.#<...#####
#.#....#
....#.##
#####.# .. ...
###.


You could see a hill giant.

Vanquished Creatures
  A phantom (D:4)
  3 ogres
  A centaur (D:5)
  3 crimson imps
  2 hounds
  3 orc priests
  A bullfrog skeleton (D:6)
  4 orc wizards
  Crazy Yiuf (D:2)
  Jessica (D:2)
  Terence (D:2)
  An iguana (D:5)
  3 worker ants
  Natasha (thrice) (D:1)
  A killer bee zombie (D:6)
  A hound zombie (D:6)
  2 worker ant zombies (D:5)
  A howler monkey skeleton (D:4)
  3 gnolls (D:4)
  9 adders
  2 shadow imps (D:5)
  2 oozes
  4 worms
  4 dart slugs
  5 leopard geckos
  10 orcs
  11 bats
  14 giant cockroaches
  4 goblins
  4 hobgoblins
  20 jackals
  4 kobolds
  A quokka (D:3)
  2 ball pythons
  2 frilled lizards
  A jackal skeleton (D:4)
  2 rats
137 creatures vanquished.

Vanquished Creatures (others)
  A rat (D:2)
1 creature vanquished.

Grand Total: 138 creatures vanquished

Notes
Turn   | Place    | Note
-------+----------+-------------------------------------------
     0 | D:1      | Jerry the Formicid Fighter began the quest for the Orb.
     0 | D:1      | Reached XP level 1. HP: 18/18 MP: 1/1
   164 | D:1      | Reached XP level 2. HP: 24/24 MP: 2/2
   636 | D:2      | Noticed Natasha
   642 | D:1      | Killed Natasha
   642 | D:1      | Reached skill level 3 in Axes
   642 | D:1      | Reached XP level 3. HP: 22/29 MP: 3/3
   698 | D:1      | Noticed Natasha
   710 | D:1      | Killed Natasha
   710 | D:1      | Reached XP level 4. HP: 2/37 MP: 4/4
   772 | D:1      | Noticed Natasha
  1019 | D:1      | Killed Natasha
  1072 | D:1      | Reached XP level 5. HP: 31/42 MP: 5/5
  1366 | D:2      | Noticed Terence
  1373 | D:2      | Killed Terence
  1442 | D:2      | Noticed Jessica
  1470 | D:2      | Killed Jessica
  1470 | D:2      | Reached skill level 4 in Axes
  1553 | D:2      | Found a runed door.
  1582 | D:2      | Noticed Crazy Yiuf
  1592 | D:2      | Killed Crazy Yiuf
  1592 | D:2      | Reached XP level 6. HP: 24/49 MP: 6/6
  3037 | D:3      | Found a glowing silver altar of Zin.
  3124 | D:3      | Gained mutation: You are agile. (Dex +2) [potion of beneficial mutation]
  3175 | D:4      | Found a burning altar of Makhleb.
  3176 | D:4      | Found a sacrificial altar of Ru.
  3468 | D:4      | Reached XP level 7. HP: 44/55 MP: 7/7
  3520 | D:4      | Reached skill level 5 in Armour
  3608 | D:4      | Reached skill level 5 in Fighting
  3608 | D:4      | Reached skill level 5 in Axes
  3731 | D:4      | Found a staircase to the Ecumenical Temple.
  3741 | Temple   | Entered the Ecumenical Temple
  4085 | D:4      | Found a deep blue altar of Sif Muna.
  4088 | D:4      | Found an ancient bone altar of Kikubaaqudgha.
  4091 | D:4      | Became a worshipper of Kikubaaqudgha
  4113 | D:5      | Entered Level 5 of the Dungeon
  4282 | D:5      | Reached XP level 8. HP: 39/63 MP: 8/8
  4467 | D:5      | Reached skill level 6 in Axes
  4956 | D:5      | Reached * piety under Kikubaaqudgha
  4956 | D:5      | Identified Kikubaaqudgha's Catalogue of Sinister Secrets (Kikubaaqudgha gifted it to you on level 5 of the Dungeon)
  4956 | D:5      | Received a gift from Kikubaaqudgha
  4960 | D:5      | Learned a level 1 spell: Animate Skeleton
  4964 | D:5      | Learned a level 3 spell: Regeneration
  5082 | D:6      | Found a radiant altar of Vehumet.
  5155 | D:6      | Reached skill level 1 in Spellcasting
  5155 | D:6      | Reached skill level 1 in Necromancy
  5200 | D:6      | Reached skill level 7 in Axes
  5341 | D:6      | Noticed Schimscham's ghost (novice NaVM)
  5524 | D:6      | Reached XP level 9. HP: 66/69 MP: 11/11
  5537 | D:6      | Noticed a hill giant
  5543 | D:6      | Slain by a hill giant

Skill      XL: |  1  2  3  4  5  6  7  8 |
---------------+-------------------------+-----
Axes           | 3 4 5 7 |  7.2
Armour         | 4 5 6 |  6.3
Fighting       | 4 5 6 |  6.2
Shields        | 4 |  4.6
Spellcasting   | 1 |  1.4
Necromancy     | 1 |  1.3

Action                   |  1- 3 |  4- 6 |  7- 9 || total
-------------------------+-------+-------+-------++-------
Melee: War axe           |    46 |   106 |       ||   152
       Mace              |       |    90 |       ||    90
       Hand axe          |       |    63 |   166 ||   229
  Use: Scroll            |       |    10 |     7 ||    17
       Potion            |       |     1 |     1 ||     2
  Eat: Chunk             |       |     9 |     6 ||    15
Armor: Scale mail        |    24 |   152 |    52 ||   228
Dodge: Dodged            |    26 |   182 |   105 ||   313
Block: Shield            |    10 |       |       ||    10
